 Dungeon Crawl Stone Soup version 0.26.0-16-gc1dbca0489 (webtiles) character file.

Game seed: 2638590071429447074

58 pokeman the Magician (level 3, -5/20 HPs)
             Began as a Deep Elf Hedge Wizard on Jan 17, 2021.
             Killed from afar by Sigmund (9 damage)
             ... with a puff of flame
             ... on level 2 of the Dungeon.
             The game lasted 00:02:55 (1538 turns).

pokeman the Magician (Deep Elf Hedge Wizard)        Turns: 1538, Time: 00:02:56

Health: -5/20      AC:  3    Str:  7    XL:     3   Next: 75%
Magic:  5/11       EV: 12    Int: 19    God:
Gold:   64         SH:  0    Dex: 14    Spells: 1/12 levels left

rFire    . . .     SeeInvis .   h - +1 dagger (protect)
rCold    . . .     Faith    .   (no shield)
rNeg     . . .     Spirit   .   g - +0 leather armour
rPois    .         Reflect  .   c - +0 hat
rElec    .         Harm     .   (no cloak)
rCorr    .         Rampage  .   (no gloves)
Will     .....                  (no boots)
Stlth    +++.......             (no amulet)
HPRegen  0.06/turn              e - ring of stealth
MPRegen  0.12/turn              (no ring)

@: very slightly contaminated
A: no striking features
a: no special abilities


You were on level 2 of the Dungeon.
You visited 1 branch of the dungeon, and saw 2 of its levels.

You collected 64 gold pieces.

Inventory:

Hand Weapons
 h - a +1 dagger of protection (weapon)
Missiles
 d - 55 arrows
 f - 5 curare-tipped darts
Armour
 a - a +0 buckler
 c - a +0 hat (worn)
 g - a +0 leather armour (worn)
Jewellery
 e - a ring of stealth (left hand)
Scrolls
 b - a scroll of amnesia {unknown}
 i - 2 scrolls of teleportation {unknown}
 k - a scroll of random uselessness {unknown}
 l - a scroll of blinking {unknown}
Potions
 j - a potion of might {unknown}


   Skills:
 - Level 1.0 Fighting
 - Level 1.0 Armour
 + Level 2.4 Dodging
 - Level 2.4 Stealth
 + Level 0.0 Shields
 * Level 5.4 Spellcasting
 + Level 2.0 Conjurations
 - Level 1.1 Summonings
 - Level 1.1 Translocations


You had one spell level left.
You knew the following spells:

 Your Spells              Type           Power        Failure   Level
a - Magic Dart            Conj           48%          8%          1
b - Mephitic Cloud        Conj/Pois/Air  7%           36%         3
c - Call Imp              Summ           9%           17%         2
d - Blink                 Tloc           N/A          17%         2
e - Conjure Flame         Conj/Fire      8%           34%         3

Your spell library contained the following spells:

 Spells                   Type           Power        Failure   Level
 Slow                     Hex            5%           26%         2


Dungeon Overview and Level Annotations

Branches:
Dungeon (2/15)

Altars:
Okawaru
Qazlal

Annotations:
D:2 Sigmund


Message History

You are very lightly contaminated with residual magic.
Nothing appears to happen.
Sigmund shouts!
Sigmund gestures at himself while chanting.
Sigmund flickers and vanishes!
Deactivating autopickup; reactivate with Ctrl-A.
Casting: Magic Dart (safe; 8% risk of failure)
Confirm with . or Enter, or press ? or * to list all spells.
The spell is potentially lethal to cast (34% risk of failure)!
Continue anyway?
You miscast Conjure Flame.
Strange energies run through your body!
Casting: Conjure Flame (potentially lethal; 34% risk of failure)
Confirm with . or Enter, or press ? or * to list all spells.
The spell is potentially lethal to cast (34% risk of failure)!
Continue anyway?
The fire begins to smolder!
The fire ignites!
Something hits you!
* * * LOW HITPOINT WARNING * * *
A puff of flame appears from out of thin air!
The puff of flame hits you!
You die...

#.. #...
##...####
..{.....####.##
#..............
#{# #☼# #.# #@#
#.# #.# # ##.## .
##...## #.....###
##...#≈.^.
.##.####.#.###≈.^
...........≈# ...


There were no monsters in sight!

Vanquished Creatures
  Terence (D:2)
  A worm (D:2)
  3 ball pythons
  A giant cockroach (D:1)
  A goblin (D:2)
  3 hobgoblins
  A quokka (D:2)
  8 bats
  3 frilled lizards (D:1)
  5 kobolds
  3 rats (D:1)
30 creatures vanquished.

Notes
Turn   | Place    | Note
-------+----------+-------------------------------------------
     0 | D:1      | pokeman the Deep Elf Hedge Wizard began the quest for the
                  | Orb.
     0 | D:1      | Reached XP level 1. HP: 10/10 MP: 7/7
   428 | D:1      | Reached XP level 2. HP: 15/15 MP: 6/9
   931 | D:2      | Reached skill level 5 in Spellcasting
  1086 | D:2      | Reached XP level 3. HP: 20/20 MP: 9/11
  1090 | D:2      | Learned a level 3 spell: Mephitic Cloud
  1093 | D:2      | Learned a level 2 spell: Call Imp
  1096 | D:2      | Learned a level 2 spell: Blink
  1100 | D:2      | Learned a level 3 spell: Conjure Flame
  1172 | D:2      | Found an iron altar of Okawaru.
  1317 | D:2      | Noticed Terence
  1420 | D:2      | Killed Terence
  1421 | D:2      | Reached skill level 1 in Fighting
  1421 | D:2      | Reached skill level 1 in Armour
  1512 | D:2      | Found a stormy altar of Qazlal.
  1529 | D:2      | Noticed Sigmund
  1538 | D:2      | Killed from afar by Sigmund

Illustrated notes

Levels and vault maps discovered:
D:1:      sevenhm_arrival_forest_fort_small_3, layout_rooms
D:2:      layout_loops_ring, grunt_qazlal_sundering, general_overflow_altar,
          okawaru_gym_becter, lemuel_crystal_altar, uniq_terence, uniq_sigmund

Skill      XL: |  1  2  3 |
---------------+----------+-----
Spellcasting   | 5 |  5.4
Fighting       | 1 |  1.0
Armour         | 1 |  1.0
Conjurations   | 2 |  2.0
Dodging        | |  2.4
Stealth        | |  2.4
Summonings     | |  1.1
Translocations | |  1.1

Action                   || total
-------------------------++-------
Melee: Dagger            ||     2
 Cast: Magic Dart        ||    73
       Conjure Flame     ||     3
       Mephitic Cloud    ||     1
       Call Imp          ||     1
Armor: Robe              ||     1
       Leather armour    ||     1
Dodge: Dodged            ||    10
